 Dungeon Crawl Stone Soup version 0.29-a0-275-g389c0b56f3 (webtiles) character file.

Game seed: 12495974809985806711

118 siradein the Shooter (level 4, -3/27 HPs)
             Began as a Deep Elf Hunter on Mar 10, 2022.
             Slain by Pargi (7 damage)
             ... in a sewer.
             The game lasted 00:05:47 (1968 turns).

siradein the Shooter (Deep Elf Hunter)              Turns: 1968, Time: 00:05:48

Health: -3/27      AC:  3    Str: 15    XL:     4   Next: 72%
Magic:  6/6        EV: 13    Int: 16    God:
Gold:   73         SH:  0    Dex: 17    Spells: 3/3 levels left

rFire   . . .      SeeInvis .   a - +1 shortbow
rCold   . . .      Faith    .   (shield currently unavailable)
rNeg    . . .      Spirit   .   b - +0 leather armour
rPois   .          Reflect  .   (no helmet)
rElec   .          Harm     .   (no cloak)
rCorr   .          Rampage  .   (no gloves)
Will    .....                   (no boots)
Stlth   ++........              l - amulet of the acrobat
HPRegen 0.09/turn               k - +6 ring of strength
MPRegen 0.10/turn               (no ring)

@: brilliant
A: no striking features
a: no special abilities


You were in a sewer.
You visited 1 branch of the dungeon, and saw 3 of its levels.
You also visited: Sewer.

You collected 73 gold pieces.

Inventory:

Hand Weapons
 a - a +1 shortbow (weapon)
Armour
 b - a +0 leather armour (worn)
Jewellery
 k - a +6 ring of strength (left hand)
 l - an amulet of the acrobat (around neck)
Scrolls
 c - a scroll of immolation
 d - 5 scrolls of identify {unknown}
 h - a scroll of fear {unknown}
 i - 2 scrolls of teleportation {unknown}
 j - a scroll of fog {unknown}
 n - a scroll of holy word {unknown}
Potions
 e - a potion of flight {unknown}
 f - 3 potions of brilliance
 g - a potion of magic {unknown}
 m - a potion of heal wounds {unknown}
 o - a potion of curing {unknown}


   Skills:
 + Level 2.4 Fighting
 + Level 6.1 Bows
 + Level 3.6 Dodging
 + Level 3.2 Stealth


You had 3 spell levels left.
You didn't know any spells.
Your spell library contained the following spells:

 Spells                   Type           Power      Damage    Failure   Level
 Animate Dead             Necr           0%         N/A       97%         4
 Borgnjor's Vile Clutch   Necr/Erth      0%         N/A       100%        5
 Death Channel            Necr           0%         N/A       100%        6


Dungeon Overview and Level Annotations

Branches:
Dungeon (3/15)              Sewer (1/1)

Altars:
Wu Jian

Annotations:
Sewer Pargi


Message History

You enter the shallow water.
Moving in this stuff is going to be slow.
Pargi the Meek comes into view.
Found a runed falchion and a scroll labelled BOESIF NUUPRE.
You shoot an arrow. The arrow hits Pargi.
Pargi shouts!
Pargi is lightly wounded.
You shoot an arrow. The arrow closely misses Pargi.
You shoot an arrow. The arrow hits Pargi!
Pargi is moderately wounded.
You shoot an arrow. The arrow hits Pargi.
Pargi is moderately wounded.
You shoot an arrow. The arrow barely misses Pargi.
You shoot an arrow. The arrow misses Pargi.
Pargi snarls, "My home!
Leave!"
Pargi bites you. Pargi claws you but does no damage. Pargi barely misses you.
Pargi bites you but does no damage. Pargi claws you. x2
You shoot an arrow. The arrow closely misses Pargi.
Pargi bites you. Pargi claws you but does no damage. x2
You shoot an arrow. The arrow hits Pargi!
Pargi is heavily wounded.
Pargi bites you. Pargi closely misses you. x2
You shoot an arrow. The arrow hits Pargi!
Pargi is severely wounded.
Pargi bites you. Pargi claws you.
* * * LOW HITPOINT WARNING * * *
Pargi closely misses you. Pargi barely misses you. Pargi claws you.
* * * LOW HITPOINT WARNING * * *
Pargi claws you but does no damage.
It was a potion of brilliance.
You feel clever all of a sudden. Pargi closely misses you.
Pargi claws you but does no damage. x2
Shoot: a) +1 shortbow
Press: ? - help, Q - select action Shift-Dir - straight line, f/p - Pargi
Aim: Pargi (heavily wounded, 59% to hit)
You shoot an arrow.
The arrow hits Pargi but does no damage.
Pargi is heavily wounded.
Pargi bites you!
You die...

#..≈#≈..#
#.≈###.≈##
#.≈. #...#
#..# ##≈.#
#.. #..#
#. #..#
##..#
#≈..#
#@.##
#.T.#
....##
#≈..≈.#
##≈≈.##
#... .#.#
?)#.


You could see Pargi.

Vanquished Creatures
  An adder (D:3)
  6 gnolls
  5 endoplasms (D:1)
  A giant cockroach (D:2)
  4 hobgoblins
  2 jackals (Sewer)
  A quokka (D:1)
  7 ball pythons
  6 bats
  2 frilled lizards (D:1)
  6 goblins
  7 kobolds
  2 rats
50 creatures vanquished.

Vanquished Creatures (others)
  2 plants (D:2)
2 creatures vanquished.

Grand Total: 52 creatures vanquished

Notes
Turn   | Place    | Note
-------+----------+-------------------------------------------
     0 | D:1      | siradein the Deep Elf Hunter began the quest for the Orb.
     0 | D:1      | Reached XP level 1. HP: 12/12 MP: 3/3
   288 | D:1      | Found a faded altar of an unknown god.
   488 | D:1      | Reached XP level 2. HP: 17/17 MP: 4/4
  1005 | D:1      | Reached XP level 3. HP: 21/21 MP: 5/5
  1511 | D:2      | Reached XP level 4. HP: 26/26 MP: 6/6
  1581 | D:3      | Found an ornate altar of the Wu Jian Council.
  1722 | D:3      | Reached skill level 6 in Bows
  1915 | D:3      | Found a glowing drain.
  1924 | Sewer    | Entered a sewer
  1957 | Sewer    | Noticed Pargi
  1968 | Sewer    | Slain by Pargi

Illustrated notes

Levels and vault maps discovered:
D:1:      dpeg_arrival_snail, layout_basic,
          shapermc_ecumenical_altar_mp_highgroup
D:2:      layout_rooms, serial_bayou, serial_bayou_pond_a, serial_bayou_pond_c,
          serial_bayou_lagoon_a, serial_bayou_pond_d
D:3:      minmay_chambers_of_threes, layout_basic,
          nicolae_dithmenos_through_a_glass_darkly,
          nicolae_wu_jian_wuxing_cycle, portal_sewer_entry_d,
          minmay_crystal_room, uniq_jessica
Sewer:    sewer_the_moccasin

Skill      XL: |  1  2  3  4 |
---------------+-------------+-----
Stealth        | 2 3 |  3.2
Dodging        | 3 |  3.6
Fighting       | 2 |  2.4
Bows           | 6 |  6.1

Action                   |  1- 3 |  4- 6 || total
-------------------------+-------+-------++-------
 Fire: Shortbow          |    90 |    39 ||   129
  Use: Potion            |       |     1 ||     1
Armor: Leather armour    |     5 |     8 ||    13
Dodge: Dodged            |    21 |    10 ||    31

Table legend: (Time is in decaauts)
 A = Elapsed time spent in this place.
 B = Non-inter-level travel time spent in this place.
 C = Inter-level travel time spent in this place.
 D = Time resting spent in this place.
 E = Time spent auto-exploring this place.
 F = Levels seen in this place.
 G = Mean time per level.
                   A        B        C        D        E       F      G
               +--------+--------+--------+--------+--------+-----+--------+
         Total |   2016 |   1890 |    126 |     99 |   1281 |   4 |  504.0 |
       Dungeon |   1967 |   1841 |    126 |     99 |   1255 |   3 |  655.7 |
         Sewer |     48 |     48 |      0 |      0 |     25 |   1 |   48.0 |
               +--------+--------+--------+--------+--------+-----+--------+

Top non-repeatable levels by time:
     D:1: 1115 daAuts
     D:2: 487 daAuts
     D:3: 363 daAuts
   Sewer: 48 daAuts
